 Dungeon Crawl Stone Soup version 0.32-a0-876-gcfddb08e57 (webtiles) character file.

Game seed: 9179776157298700288

126 Biggs the Shooter (level 5, -1/57 HPs)
             Began as a Coglin Hunter on Apr 2, 2024.
             Killed by nerve-wracking pain
             ... invoked by an orc priest
              (6 damage)
             ... on level 3 of the Dungeon.
             The game lasted 00:03:11 (1934 turns).

Biggs the Shooter (Coglin Hunter)                   Turns: 1934, Time: 00:03:12

Health: -1/57      AC:  9    Str: 11    XL:     5   Next: 9%
Magic:  5/5        EV: 10    Int:  8    God:
Gold:   101        SH:  0    Dex: 20    Spells: 4/4 levels left

rFire   . . .        a - +2 sling {Jihoo}
rCold   . . .        d - +0 sling {Plamen}
rNeg    . . .        n - +4 ring mail
rPois   .            (no helmet)
rElec   .            (no cloak)
rCorr   .            (no gloves)
SInv    .            (no boots)
Will    .....        (amulet unavailable) Stlth
                     (ring unavailable)
HPRegen 0.29/turn    (ring unavailable)
MPRegen 0.09/turn    (no gizmo)

%: no passive effects
@: berserking, revving, very quick
A: off-hand wielding, slow wielding, warmup strikes, no jewellery
a: Invent Gizmo, Convert to Beogh


You were on level 3 of the Dungeon.
You visited 1 branch of the dungeon, and saw 4 of its levels.

You collected 101 gold pieces.

Inventory:

Hand Weapons
 a - a +2 sling (weapon) {Jihoo}
 d - a +0 sling (offhand) {Plamen}
Armour
 c - a +0 leather armour
 n - a +4 ring mail (worn)
Wands
 o - a wand of flame (19)
Scrolls
 b - a scroll of butterflies
 f - 2 scrolls of teleportation {unknown}
 g - 3 scrolls of identify {unknown}
 i - 3 scrolls of revelation {unknown}
 j - 2 scrolls of vulnerability {unknown}
 l - 2 scrolls of enchant weapon {unknown}
 m - 2 scrolls of fear {unknown}
 q - a scroll of immolation {unknown}
 t - a scroll of brand weapon {unknown}
Potions
 h - a potion of mutation {unknown}
 k - a potion of heal wounds {unknown}
 p - a potion of enlightenment {unknown}
 r - a potion of invisibility {unknown}
 s - a potion of curing {unknown}


   Skills:
 - Level 2.0 Fighting
 + Level 5.7 Ranged Weapons
 - Level 1.7 Dodging
 - Level 0.7 Stealth


You had 4 spell levels left.
You didn't know any spells.
Your spell library was empty.

Dungeon Overview and Level Annotations

Branches:
Dungeon (4/15)
 Temple: D:4-7

Altars:

Shops:
D:1 [


Innate Abilities, Weirdness & Mutations

You can wield a second weapon in your off-hand.
It takes a long time for you to wield or remove held weapons.
Your first few attacks do less damage.
You cannot equip rings or amulets.


Message History

Unknown command.
You shoot a sling bullet.
The sling bullet hits the orc but does no damage.
You shoot a sling bullet.
The sling bullet hits the orc but does no damage.
The hobgoblin barely misses you. The orc hits you but does no damage.
Unknown command.
Unknown command.
You shoot a sling bullet.
The sling bullet closely misses the orc.
You shoot a sling bullet. The sling bullet barely misses the orc.
The orc barely misses you. The orc hits you but does no damage.
The hobgoblin hits you.
A ribbon worm comes into view.
The orc hits you with a +0 flail.
The hobgoblin hits you but does no damage.
The orc hits you with a +0 dagger.
The orc priest hits you with a +0 flail.
The orc priest shouts, "Beogh offers mercy even to people such as you.
Join us and be reborn!" (press Y on the ability menu to convert to Beogh) Unknown command.
Unknown command.
The hobgoblin closely misses you.
The orc priest invokes the aid of Beogh against you.
Beogh smites you!
* * * LOW HITPOINT WARNING * * *
The orc hits you with a +0 flail!
* * * LOW HITPOINT WARNING * * *
The orc hits you but does no damage.
You climb upwards.
There is a stone staircase leading down here.
Unknown command.
Unknown command.
Unknown command.
It was a potion of berserk rage.
A red film seems to cover your vision as you go berserk!
You feel yourself moving faster!
You feel mighty!
The orc priest invokes the aid of Beogh against you.
Pain shoots through your body!
You die...

########## #........#
#.######.# #.# #.# #.#
#.# #.# #.# ##### #.#
####o#####...# #.#
#..o@o.....#.# #.#
#.##g#######.######## #.#
#.##.#######.#.......
#.###.##.##..............
#........##.#############
#####.#####.# #.# #.#
###########.#
#.#############
#...........#
#.##.......[...


You could see an orc priest, 2 orcs and a hobgoblin.

Vanquished Creatures
  An orc wizard (D:3)
  4 adders (D:2)
  A dart slug (D:1)
  A ribbon worm (D:3)
  4 orcs
  8 bats
  8 endoplasms
  4 giant cockroaches
  4 goblins
  2 hobgoblins (D:1)
  4 jackals (D:2)
  2 quokkas
  2 ball pythons
  4 frilled lizards
  2 kobolds (D:2)
  3 rats
54 creatures vanquished.

Notes
Turn   | Place    | Note
-------+----------+-------------------------------------------
     0 | D:1      | Biggs the Coglin Hunter began the quest for the Orb.
     0 | D:1      | Reached XP level 1. HP: 16/16 MP: 1/1
   110 | D:1      | Reached skill level 4 in Ranged Weapons
   110 | D:1      | Reached XP level 2. HP: 22/22 MP: 2/2
   221 | D:1      | Found a faded altar of an unknown god.
   427 | D:1      | Found Zynon's Antique Armour Shoppe.
   467 | D:1      | Reached XP level 3. HP: 27/27 MP: 3/3
  1076 | D:2      | Reached skill level 5 in Ranged Weapons
  1076 | D:2      | Reached XP level 4. HP: 33/33 MP: 4/4
  1603 | D:3      | Reached XP level 5. HP: 37/38 MP: 5/5
  1934 | D:3      | Killed from afar by an orc priest

Illustrated notes

Levels and vault maps discovered:
D:1:      sevenhm_arrival_forest_fort_small_5, layout_rooms, serial_shops, shop,
          shapermc_ecumenical_altar_mp_vishouse, serial_bayou_ford_a,
          serial_bayou_pond_e, minmay_misc_feat_tower, grunt_decor_junction
D:2:      layout_basic, nrook_loot_triangle, nicolae_half_adder
D:3:      layout_loops_ring
D:4:      layout_loops_ring, serial_shops, nicolae_shop_statue_plus, minmay_bent

Skill      XL: |  1  2  3 |
---------------+----------+-----
Ranged Weapons | 4 5 |  5.7
Fighting       | |  2.0
Dodging        | |  1.7
Stealth        | |  0.7

Action                     |  1- 3 |  4- 6 || total
---------------------------+-------+-------++-------
   Fire: Sling             |   126 |    96 ||   222
    Use: Potion            |       |     1 ||     1
 Armour: Leather armour    |     4 |       ||     4
         Skin              |     4 |       ||     4
         Ring mail         |       |    21 ||    21
  Dodge: Dodged            |     7 |    10 ||    17

Table legend: (Time is in decaauts)
 A = Elapsed time spent in this place.
 B = Non-inter-level travel time spent in this place.
 C = Inter-level travel time spent in this place.
 D = Time resting spent in this place.
 E = Time spent auto-exploring this place.
 F = Levels seen in this place.
 G = Mean time per level.
                   A        B        C        D        E       F      G
               +--------+--------+--------+--------+--------+-----+--------+
         Total |   1977 |   1920 |     57 |    103 |   1550 |   4 |  494.2 |
       Dungeon |   1977 |   1920 |     57 |    103 |   1550 |   4 |  494.2 |
               +--------+--------+--------+--------+--------+-----+--------+

Top non-repeatable levels by time:
     D:1: 677 daAuts
     D:2: 674 daAuts
     D:3: 620 daAuts
     D:4: 6 daAuts
